 Dungeon Crawl Stone Soup version 0.18-a0-1789-gbeff17f (webtiles) character file.

6 macross the Vexing (level 2, -2/21 HPs)
             Began as a Formicid Arcane Marksman on Apr 21, 2016.
             Slain by a kobold (3 damage)
             ... on level 1 of the Dungeon.
             The game lasted 00:03:18 (281 turns).

macross the Vexing (Formicid Arcane Marksman)        Turns: 281, Time: 00:03:19

Health: -2/21      AC:  2    Str: 15    XL:     2   Next: 0%
Magic:  3/3        EV: 12    Int: 12    God:
Gold:   19         SH:  0    Dex: 10    Spells: 1 memorised, 2 levels left

rFire  . . .     SeeInvis +     (no weapon)
rCold  . . .     Gourm    .     b - +0 robe
rNeg   . . .     Faith    .     (no shield)
rPois  .         Spirit   .     (helmet unavailable)
rElec  .         Dismiss  .     (no cloak)
rCorr  .         Reflect  .     (no gloves)
SustAt .         Harm     .     (no boots)
MR     .....                    (no amulet)
Stlth  +.........               (no ring)
                                (no ring)

@: not resistant to hostile enchantments, very unstealthy
A: permanent stasis, dig shafts and tunnels, four strong arms, antennae 3
a: Dig, Shaft Self


You were on level 1 of the Dungeon.
You were not hungry.

You visited 1 branch of the dungeon, and saw 1 of its levels.

You collected 19 gold pieces.

Inventory:

Hand Weapons
 a - a +0 hand crossbow
Missiles
 d - 18 bolts
Armour
 b - a +0 robe (worn)
Scrolls
 e - a scroll of noise {unknown}
 h - a scroll of immolation {unknown}
Potions
 g - a potion of haste {unknown}
Books
 c - a book of Debilitation

   Spells                             Type                      Level
   a - Corona                         Hexes                        1
   b - Slow                           Hexes                        2
   c - Gell's Gravitas                Hexes/Translocation          3
   d - Inner Flame                    Hexes/Fire                   3
   e - Cause Fear                     Hexes                        4
   f - Leda's Liquefaction            Hexes/Earth                  4
Comestibles
 f - a bread ration


   Skills:
 + Level 1.1 Fighting
 + Level 2.1 Crossbows
 + Level 1.8 Dodging
 + Level 0.3 Stealth
 + Level 1.1 Spellcasting
 + Level 3.9 Hexes


You had 2 spell levels left.
You knew the following spells:

 Your Spells              Type           Power        Failure   Level  Hunger
a - Corona                Hex            ##.....      8%          1    ##.....


Dungeon Overview and Level Annotations

Branches:
Dungeon (1/15)

Altars:


Innate Abilities, Weirdness & Mutations

You are under a permanent stasis effect.
You can dig through walls and to a lower floor.
Your four strong arms can wield two-handed weapons with a shield.
You have a pair of large antennae on your head (SInv).


Message History

The kobold closely misses you. The kobold hits you.
The kobold closely misses you. The kobold hits you.
* * * LOW HITPOINT WARNING * * *
The kobold misses you. The kobold closely misses you.
The kobold barely misses you. The kobold barely misses you.
The kobold hits you.
* * * LOW HITPOINT WARNING * * *
The kobold closely misses you. The kobold closely misses you.
The kobold closely misses you. The kobold hits you but does no damage.
The kobold barely misses you. The kobold barely misses you.
The kobold barely misses you. The kobold hits you.
You die...

f#H##.##.# #.#
#####.##.## #.# ...
...'..##..# #.# ...
#####.###.###.## #..
p#K#...........##..#
####.####...#...#..#
####.# ###...#.#g.#
.....# ###.#.#K#
#....## #...@.#
#.#...# #.......#
#.##..##
#....##....>
.......# #..#.# ....
##.....######....#
...
#..........#..... ..
#....#####.....###
{. ......# ###..##
.###### .##


You could see a goblin and a kobold.

Vanquished Creatures
  A giant gecko (D:1)
  A giant cockroach (D:1)
  2 kobolds (D:1)
  A rat (D:1)
5 creatures vanquished.

Notes
Turn   | Place    | Note
--------------------------------------------------------------
     0 | D:1      | macross the Formicid Arcane Marksman began the quest for the Orb.
     0 | D:1      | Reached XP level 1. HP: 15/15 MP: 2/2
     2 | D:1      | Noticed a vampire
     4 | D:1      | Noticed a ghoul
     6 | D:1      | Noticed a naga
     6 | D:1      | Noticed a dwarf
     8 | D:1      | Noticed a troll
     8 | D:1      | Noticed a draconian
    10 | D:1      | Noticed a demonspawn
    10 | D:1      | Noticed an elf
    12 | D:1      | Noticed a felid
    12 | D:1      | Noticed an octopode
    14 | D:1      | Noticed a formicid
    44 | D:1      | Noticed a spriggan
    44 | D:1      | Noticed a tengu
    46 | D:1      | Noticed a halfling
    46 | D:1      | Noticed a centaur
    48 | D:1      | Noticed a merfolk
    48 | D:1      | Noticed a demigod
    50 | D:1      | Noticed a gargoyle
    50 | D:1      | Noticed an ogre
    52 | D:1      | Noticed a vine stalker
    52 | D:1      | Noticed a human
    54 | D:1      | Noticed a minotaur
   156 | D:1      | Reached XP level 2. HP: 7/21 MP: 3/3
   273 | D:1      | HP: 1/21 [kobold (3)]
   281 | D:1      | Slain by a kobold

Vault maps used:
D:1:      kb_arrival_jail

Action                   || total
-------------------------++-------
 Fire: Hand crossbow     ||    17
Armor: Robe              ||     6
Dodge: Dodged            ||    35
